 Dungeon Crawl Stone Soup version 0.30-a0-691-g754fce4c43 (webtiles) character file.

Game seed: 17093957289712057954

1889 Darius099 the Shield-Bearer (level 9, -3/57 HPs)
             Began as a Gargoyle Fighter on Jan 19, 2023.
             Slain by an ogre
             ... wielding a +0 giant club
              (17 damage)
             ... on level 6 of the Dungeon.
             The game lasted 00:11:22 (4099 turns).

Darius099 the Shield-Bearer (Gargoyle Fighter)      Turns: 4099, Time: 00:11:23

Health: -3/57      AC: 28    Str: 22    XL:     9   Next: 15%
Magic:  9/9        EV:  4    Int:  9    God:
Gold:   193        SH: 16    Dex: 17    Spells: 8/8 levels left

rFire   . . .      SeeInvis .    c - +3 mace (protect)
rCold   . . .      Faith    .    t - +1 tower shield {AC+3}
rNeg    + . .      Spirit   .    e - +0 chain mail
rPois   ∞          Reflect  .    (no helmet)
rElec   +          Harm     .    (no cloak)
rCorr   .          Rampage  .    r - +0 pair of gloves
Will    .....                    (no boots) Stlth
                                 l - amulet of regeneration
HPRegen 1.09/turn                n - +6 ring of dexterity
MPRegen 0.11/turn                (no ring)

@: under a protective aura
A: sickness immunity, AC +6, negative energy resistance 1, electricity
resistance, torment resistance 1, petrification resistance
a: no special abilities


You were on level 6 of the Dungeon.
You visited 1 branch of the dungeon, and saw 6 of its levels.
You also visited: Sewer.

You collected 193 gold pieces.

Inventory:

Hand Weapons
 c - a +3 mace of protection (weapon)
 v - a +4 whip
Missiles
 i - a throwing net (quivered)
Armour
 e - a +0 chain mail (worn)
 r - a +0 pair of gloves (worn)
 t - a +1 tower shield of protection (worn)
Jewellery
 l - an amulet of regeneration (around neck)
 n - a +6 ring of dexterity (left hand)
 x - a +5 ring of evasion
 E - the ring of Asuq {rPois rC+ Dex+2}
   (You found it on level 5 of the Dungeon)

   [ring of poison resistance]

   Dex:       It affects your dexterity (+2).
   rC:        It protects you from cold.
   rPois:     It protects you from poison.
Wands
 q - a wand of digging (2)
 s - a wand of flame (45)
 A - a wand of iceblast (12)
Scrolls
 f - a scroll of poison
 g - 2 scrolls of vulnerability {unknown}
 j - 2 scrolls of teleportation
 m - 5 scrolls of fog
 o - 2 scrolls of enchant armour {unknown}
 u - 4 scrolls of magic mapping
 w - a scroll of amnesia
 y - 2 scrolls of noise {unknown}
 z - a scroll of blinking {unknown}
 B - a scroll of identify
 D - a scroll of acquirement {unknown}
 G - a scroll of enchant weapon {unknown}
Potions
 a - 2 potions of heal wounds {unknown}
 b - 2 potions of degeneration {unknown}
 d - 2 potions of might
 h - 3 potions of curing
 k - a potion of haste {unknown}
 p - 5 potions of mutation {unknown}
 C - a potion of attraction {unknown}
 F - a potion of flight {unknown}


   Skills:
 + Level 7.1 Fighting
 + Level 6.0 Maces & Flails
 + Level 7.1 Armour
 + Level 7.2 Shields


You had 8 spell levels left.
You didn't know any spells.
Your spell library contained the following spells:

 Spells                   Type           Power      Damage    Failure   Level
 Magic Dart               Conj           0%         1d3       100%        1
 Call Imp                 Summ           0%         N/A       100%        2
 Inner Flame              Hex/Fire       0%         N/A       100%        3
 Mephitic Cloud           Conj/Pois/Air  0%         N/A       100%        3
 Cause Fear               Hex            0%         N/A       100%        4
 Discord                  Hex            0%         N/A       100%        8


Dungeon Overview and Level Annotations

Branches:
Dungeon (6/15)              Sewer (visited)
 Temple: D:4-7

Altars:


Innate Abilities, Weirdness & Mutations

You are immune to sickness and miasma.
Your stone body is resilient. (AC +6)
You are immune to poison.
You resist negative energy. (rN+)
You are resistant to electric shocks. (rElec)
You are resistant to unholy torment.
You are immune to petrification.


Message History

Duvessa hits you with a +2 short sword of electrocution.
You block the ogre's attack. You block Duvessa's attack.
You hit Duvessa.
Duvessa is severely wounded.
You block Duvessa's attack. You block the ogre's attack.
You block Duvessa's attack.
You hit Duvessa.
Duvessa is almost dead.
Duvessa hits you with a +2 short sword of electrocution.
The ogre hits you but does no damage. Duvessa barely misses you.
You hit Duvessa.
Duvessa is almost dead.
Duvessa hits you but does no damage. The ogre hits you with a +0 giant club.
You block Duvessa's attack.
You hit Duvessa.
Duvessa is almost dead.
You block Duvessa's attack. x2; The ogre hits you but does no damage.
You hit Duvessa.
Duvessa is almost dead.
You block Duvessa's attack. x2; The ogre hits you with a +0 giant club.
You closely miss Duvessa.
Duvessa is almost dead.
You block Duvessa's attack. x2
The ogre hits you with a +0 giant club!!
You hit Duvessa.
You kill Duvessa!
The ogre hits you but does no damage.
You hit the ogre.
The ogre is moderately wounded.
The ogre hits you with a +0 giant club!
* * * LOW HITPOINT WARNING * * *
You hit the ogre.
The ogre is moderately wounded.
You hit the ogre.
The ogre is heavily wounded.
You block the ogre's attack.
You sock the ogre!
The ogre is severely wounded.
The ogre hits you with a +0 giant club!
You die...

...#.#.. ....
#......###.....
.##>............#
...............#
+.........#....#
#..............#
#.....)O.......#
#.....)@:.$##..##
#.....$....##...##
#.....##.........#
####.# ##........#
#. #....###.# #
#......#<##
........###
...###.##.# .##
... ..


You could see an ogre.

Vanquished Creatures
  Pikel (D:5)
  Sigmund (D:2)
  Duvessa (D:6)
  2 black bears
  An ogre (D:5)
  A lemure (D:5)
  A phantom (D:5)
  2 kobold brigands (Sewer)
  Blork the orc (D:4)
  Dowan (D:6)
  A jelly (D:4)
  A gnoll bouda (D:5)
  A hound (D:4)
  Terence (D:2)
  2 iguanas (D:5)
  2 orc wizards (D:4)
  Natasha (twice) (D:2)
  11 gnolls
  9 adders
  2 shadow imps (D:5)
  4 worms
  A dart slug (D:1)
  10 orcs
  6 ball pythons
  7 bats
  6 endoplasms
  5 giant cockroaches
  9 goblins
  6 hobgoblins
  15 kobolds
  9 quokkas
  2 frilled lizards
  8 rats
132 creatures vanquished.

Notes
Turn   | Place    | Note
-------+----------+-------------------------------------------
     0 | D:1      | Darius099 the Gargoyle Fighter began the quest for the Orb.
     0 | D:1      | Reached XP level 1. HP: 14/14 MP: 1/1
   139 | D:1      | Reached XP level 2. HP: 19/19 MP: 2/2
   758 | D:2      | Found a faded altar of an unknown god.
   783 | D:2      | Reached XP level 3. HP: 24/24 MP: 3/3
   929 | D:2      | Noticed Sigmund
   940 | D:2      | Killed Sigmund
   941 | D:2      | Reached XP level 4. HP: 19/30 MP: 4/4
   941 | D:2      | Reached XP level 5. HP: 22/34 MP: 5/5
  1069 | D:2      | Noticed Natasha
  1087 | D:2      | Killed Natasha
  1088 | D:2      | Reached XP level 6. HP: 14/39 MP: 6/6
  1151 | D:2      | Noticed Natasha
  1157 | D:2      | Killed Natasha
  1347 | D:2      | Noticed Terence
  1358 | D:2      | Killed Terence
  1638 | D:3      | Noticed a black bear
  1648 | D:3      | Killed a black bear
  1649 | D:3      | Reached skill level 5 in Shields
  1689 | D:3      | Reached skill level 5 in Armour
  1698 | D:3      | Reached skill level 5 in Fighting
  1698 | D:3      | Reached XP level 7. HP: 13/44 MP: 7/7
  1976 | D:3      | Found a glowing drain.
  1986 | Sewer    | Entered a sewer
  2675 | D:4      | Noticed Blork the orc
  2693 | D:4      | Killed Blork the orc
  3367 | D:5      | Entered Level 5 of the Dungeon
  3385 | D:5      | Reached XP level 8. HP: 46/51 MP: 8/8
  3469 | D:5      | Reached skill level 5 in Maces & Flails
  3639 | D:5      | Identified the ring of Asuq {rPois rC+ Dex+2}
  3718 | D:5      | Noticed Pikel
  3756 | D:5      | Killed Pikel
  3757 | D:5      | Reached XP level 9. HP: 49/56 MP: 9/9
  4071 | D:6      | Noticed Dowan
  4071 | D:6      | Noticed Duvessa
  4078 | D:6      | Killed Dowan
  4095 | D:6      | Killed Duvessa
  4099 | D:6      | Slain by an ogre

Illustrated notes

Levels and vault maps discovered:
D:1:      psy_arrival_dodecagon, layout_basic
D:2:      layout_loops_ring, nicolae_ecumenical_pavilion,
          kennysheep_generic_room_15, uniq_sigmund, uniq_natasha, uniq_terence
D:3:      layout_basic, portal_sewer_entry_f, columned_hall_lemuel
D:4:      layout_loops_cross, minmay_pentomino_pile, uniq_blork_the_orc
D:5:      layout_loops_ring, uniq_pikel
D:6:      minmay_octagon_keep, layout_cave_pools, mainiacjoe_overflow_swirl,
          minmay_temple_entry_drinking_statues, biasface_ghost_orc_armoury,
          uniq_duvessa, uniq_grinder

Skill      XL: |  1  2  3  4  5  6  7  8  9 |
---------------+----------------------------+-----
Fighting       | 4 5 6 7 |  7.1
Maces & Flails | 3 4 5 6 |  6.0
Armour         | 4 5 6 7 |  7.1
Shields        | 4 5 7 |  7.2

Action                   |  1- 3 |  4- 6 |  7- 9 || total
-------------------------+-------+-------+-------++-------
Melee: Flail             |    81 |   108 |    62 ||   251
       Mace              |       |       |   209 ||   209
       Whip              |       |       |    63 ||    63
  Use: Potion            |       |     1 |       ||     1
       Scroll            |       |       |     5 ||     5
Armor: Scale mail        |    46 |    71 |    58 ||   175
       Chain mail        |       |       |   164 ||   164
Dodge: Dodged            |    37 |    63 |    62 ||   162
Block: Buckler           |    22 |    36 |     4 ||    62
       Tower shield      |       |       |   325 ||   325

Table legend: (Time is in decaauts)
 A = Elapsed time spent in this place.
 B = Non-inter-level travel time spent in this place.
 C = Inter-level travel time spent in this place.
 D = Time resting spent in this place.
 E = Time spent auto-exploring this place.
 F = Levels seen in this place.
 G = Mean time per level.
                   A        B        C        D        E       F      G
               +--------+--------+--------+--------+--------+-----+--------+
         Total |   4345 |   4123 |    222 |     71 |   2521 |   7 |  620.7 |
       Dungeon |   4027 |   3805 |    222 |     71 |   2377 |   6 |  671.2 |
         Sewer |    317 |    317 |      0 |      0 |    144 |   1 |  317.0 |
               +--------+--------+--------+--------+--------+-----+--------+

Top non-repeatable levels by time:
     D:3: 856 daAuts
     D:2: 821 daAuts
     D:4: 775 daAuts
     D:1: 773 daAuts
     D:5: 754 daAuts
   Sewer: 317 daAuts
     D:6: 47 daAuts
